 Dungeon Crawl Stone Soup version 0.28-a0-1594-ga885d4b3d6 (webtiles) character file.

Game seed: 16694875376623504474

5600 testman the Fighter (level 11, 0/87 HPs)
             Began as a Djinni Hedge Wizard on Jan 20, 2022.
             Was a High Priest of Ashenzari.
             Slain by a troll (7 damage)
             ... on level 10 of the Dungeon.
             The game lasted 00:46:44 (8952 turns).

testman the Fighter (Djinni Hedge Wizard)           Turns: 8952, Time: 00:46:45

Health: 0/87       AC:  4    Str:  8    XL:     11   Next: 3%
Gold:   397        EV: 15    Int: 21    God:    Ashenzari [*****.] SH:  9 Dex: 22

rFire   + + .      SeeInvis +   o - +9 hunting sling "Prophetic Mysticism" {vorpal, Str-3 Int+2 Dex+4, Range, Evo} (curse)
rCold   x . .      Faith    .   r - +3 buckler "At What Cost Knowledge?" {Fort, Evo} (curse)
rNeg    . . .      Spirit   .   b - +0 robe
rPois   ∞          Reflect  .   c - +0 hat of the Circumscribed Omen {Fort, Range} (curse)
rElec   .          Harm     .   t - +0 cloak of Ashenzari's Seeker {Melee, Cun} (curse)
rCorr   .          Rampage  .   e - +0 pair of gloves "Share My Limitation" {Range, Fort} (curse)
Will    +....      Clarity  +   (boots unavailable)
Stlth   +++.......              m - amulet "Eternal Seer" {Acrobat, Cun, Evo} (curse)
HPRegen 0.24/turn               G - ring of Cremastomancy {Dex+6, Self, Evo} (curse)
MPRegen 0.00/turn               (no ring)

@: wereblooded, flying
A: sickness immunity, fire resistance 2, cold vulnerability 1, float, innate
caster, hp casting, extra vitality 1
a: Renounce Religion, Curse Item, Shatter the Chains


You were on level 10 of the Dungeon.
You worshipped Ashenzari.
Ashenzari was extremely pleased with you.
You visited 1 branch of the dungeon, and saw 10 of its levels.

You collected 397 gold pieces.

Inventory:

Hand Weapons
 a - a +0 dagger
 o - the cursed +9 hunting sling "Prophetic Mysticism" (weapon) {vorpal, Str-3 Int+2 Dex+4, Range, Evo}
   (You found it on level 2 of the Dungeon)

   Any ammunition fired from it inflicts extra damage upon your enemies.
   Str:       It affects your strength (-3).
   Int:       It affects your intelligence (+2).
   Dex:       It affects your dexterity (+4).
   It has a curse which improves the following skills: Ranged Combat: Slings,
   Bows, Crossbows and Throwing.
   Evocations: Evocations.
 K - a +2 dagger of speed
Missiles
 d - 5 datura-tipped darts
 p - 180 stones
 v - 4 sling bullets (quivered ammo)
 C - 6 throwing nets
 E - 4 curare-tipped darts
 H - 15 poisoned darts
 N - 6 javelins
Armour
 b - a +0 robe (worn)
 c - the cursed +0 hat of the Circumscribed Omen (worn) {Fort, Range}

   It has a curse which improves the following skills: Fortitude: Armour and
   Shields.
   Ranged Combat: Slings, Bows, Crossbows and Throwing.
 e - the cursed +0 pair of gloves "Share My Limitation" (worn) {Range, Fort}
   (You found it on level 1 of the Dungeon)

   It has a curse which improves the following skills: Ranged Combat: Slings,
   Bows, Crossbows and Throwing.
   Fortitude: Armour and Shields.
 r - the cursed +3 buckler "At What Cost Knowledge?" (worn) {Fort, Evo}
   (You found it on level 2 of the Dungeon)

   It has a curse which improves the following skills: Fortitude: Armour and
   Shields.
   Evocations: Evocations.
 t - the cursed +0 cloak of Ashenzari's Seeker (worn) {Melee, Cun}
   (You found it on level 3 of the Dungeon)

   It has a curse which improves the following skills: Melee Combat: Short
   Blades, Long Blades, Axes, Maces & Flails, Polearms, Staves and Unarmed
   Combat.
   Cunning:   Dodging and Stealth.
 F - a +0 helmet
Jewellery
 m - the cursed amulet "Eternal Seer" (around neck) {Acrobat, Cun, Evo}
   (You found it on level 2 of the Dungeon)

   [amulet of the acrobat]

   It increases your evasion while moving and waiting.
   It has a curse which improves the following skills: Cunning: Dodging and
   Stealth.
   Evocations: Evocations.
 G - the cursed ring of Cremastomancy (left hand) {Dex+6, Self, Evo}
   (You found it on level 6 of the Dungeon)

   [ring of dexterity]

   Dex:       It affects your dexterity (+6).
   It has a curse which improves the following skills: Introspection: Fighting
   and Spellcasting.
   Evocations: Evocations.
 O - a ring of willpower
Wands
 s - a wand of paralysis (7)
 A - a wand of acid (35)
 I - a wand of polymorph (7)
 M - a wand of mindburst (10)
Scrolls
 h - 2 scrolls of holy word
 j - 10 scrolls of identify
 k - a scroll of blinking
 n - 3 scrolls of fear
 q - 4 scrolls of teleportation
 u - a scroll of silence
 x - 2 scrolls of enchant weapon
 y - 2 scrolls of fog
Potions
 f - 2 potions of mutation
 g - 2 potions of berserk rage
 i - 2 potions of ambrosia
 l - 2 potions of lignification
 w - 2 potions of might
 z - a potion of curing
 B - 2 potions of brilliance
 D - 2 potions of heal wounds
 J - a potion of invisibility
Miscellaneous
 L - a piece from Xom's chessboard (15/15)


   Skills:
 + Level 8.8(11.2) Fighting
 + Level 6.7(11.2) Slings
 - Level 2.1(4.7) Dodging
 - Level 1.5(3.8) Stealth
 - Level 2.2(5.5) Shields
 + Level 7.9(10.3) Spellcasting


You had 6 spell levels left.
You knew the following spells:

 Your Spells              Type           Power      Damage    Failure   Level
a - Magic Dart            Conj           100%       1d8       1%          1
b - Blink                 Tloc           100%       N/A       1%          2
c - Call Imp              Summ           53%        N/A       1%          2
d - Slow                  Hex            100%       N/A       1%          1
e - Conjure Flame         Conj/Fire      53%        6-21      1%          3
f - Mephitic Cloud        Conj/Pois/Air  53%        N/A       1%          3
g - Sting                 Tmut/Pois      100%       1d8       1%          1
h - Wereblood             Tmut           53%        N/A       1%          2
i - Searing Ray           Conj           100%       2d8       1%          2
j - Gell's Gravitas       Tloc           53%        N/A       1%          3
k - Flame Wave            Conj/Fire      53%        2d9       1%          4
Your spell library was empty.

Dungeon Overview and Level Annotations

Branches:
Dungeon (10/15)            Temple (0/1) D:6            Lair (0/6) D:8
    Orc: D:9-12

Altars:
Ashenzari
Dithmenos
Elyvilon
Fedhas
Gozag
Kikubaaqudgha
Makhleb
Okawaru
Qazlal
Ru
Trog
Uskayaw
Vehumet
Yredelemnul
Zin

Shops:
D:6 (

Annotations:
D:6 2 transporters


Innate Abilities, Weirdness & Mutations

You are immune to sickness and miasma.
You are immune to poison.
Your flesh is very heat resistant. (rF++)
You are vulnerable to cold. (rC-)
You float through the air rather than walking.
You learn spells naturally, not from books.
Your magical power is your life essence.
You have superior vitality. (+4 MHP)


Message History

You shoot a sling bullet. The sling bullet hits the orc wizard!
You kill the orc wizard!
You howl as the wereblood boils in your veins!
You shoot a sling bullet. The sling bullet hits the orc priest!
The orc priest is severely wounded.
The orc priest looks braver for a moment.
You shoot a sling bullet.
The sling bullet hits the wraith but does no damage.
A troll comes into view.
You shoot a sling bullet. The sling bullet hits the wraith!
The wraith is heavily damaged.
You shoot a sling bullet. The sling bullet hits the wraith!
The wraith is severely damaged.
The deep elf pyromancer casts a spell at you.
You block the sticky flame.
You shoot a sling bullet. The sling bullet hits the wraith!
The wraith is almost destroyed.
You shoot a sling bullet. The sling bullet hits the wraith.
You feel a bit better.
You destroy the wraith!
The troll bites you! The troll claws you! You block the troll's attack.
Casting: Wereblood (safe; 1% risk of failure)
Confirm with . or Enter, or press ? or * to list all spells.
Casting: Flame Wave (mildly dangerous; 1% risk of failure)
Press: ? - help, Dir - look around, f - activate A wave of flame ripples out!
The flame wave engulfs the troll.
The troll is lightly wounded. (Press . to intensify the flame waves.)
You hear a horrible gurgling sound!
The orc priest mumbles some strange prayers to Beogh against you.
Beogh smites you! The troll bites you! You block the troll's attack.
The troll closely misses you.
The deep elf pyromancer casts a spell at you.
The bolt of fire hits you! You resist.
* * * LOW HITPOINT WARNING * * *
The orc priest calls down the wrath of Beogh upon you.
Beogh smites you!
* * * LOW HITPOINT WARNING * * *
The troll bites you!
You die...

, * ,, , , ,......
, , , ,
,......###..
,,.....# ,.,
,......#...,
...#.# , ..
,........#, ,
#.,#*. ,
#.[,,,.......#*
,*#* *,. ,,
...(##.......## *
, ..
,,....(##.......#
, , , , ,
,.....(.........,,
* *,, * ∆
#..@....... , , *
, * ,, #..#T....##
, , , #e##o..###*
, , ,, ,.....)###
* ,, , ,... ,.( *
,,* , #.... , (. ,
,, , , #..< ...
,,* ,* , , #... ,
... ,, * , , * ,,,
** **** , , ,


You could see a deep elf pyromancer, a troll and an orc priest.

Vanquished Creatures
  Harold (D:9)
  A two-headed ogre (D:8)
  3 yaks (D:9)
  A wraith (D:10)
  A wyvern (D:8)
  4 water moccasins
  2 hornet zombies
  2 orc warriors
  An ice beast (D:6)
  A black bear (D:6)
  2 necrophages
  5 ogres
  A centaur (D:6)
  A bullfrog (D:9)
  A kobold brigand (D:9)
  A gnoll sergeant (D:8)
  3 scorpions
  A wyvern zombie (D:8)
  A water moccasin skeleton (D:5)
  3 killer bees (D:9)
  11 wights
  3 howler monkeys
  A centaur zombie (D:6)
  A jelly (D:7)
  3 orc priests
  2 hounds
  A centaur skeleton (D:6)
  A gnoll shaman (D:6)
  6 iguanas
  5 orc wizards
  A scorpion zombie (D:5)
  10 gnolls
  A howler monkey skeleton (D:6)
  4 adders
  A shadow imp (D:8)
  A white imp (D:7)
  A worm (D:3)
  An adder skeleton (D:4)
  2 dart slugs (D:1)
  32 orcs
  6 endoplasms
  9 giant cockroaches
  5 goblins
  4 hobgoblins
  10 jackals
  10 kobolds
  4 quokkas
  8 ball pythons
  6 bats
  2 frilled lizards
  7 rats
195 creatures vanquished.

Vanquished Creatures (others)
  A killer bee (D:9)
  9 plants (D:4)
10 creatures vanquished.

Grand Total: 205 creatures vanquished

Notes
Turn   | Place    | Note
-------+----------+-------------------------------------------
     0 | D:1      | testman the Djinni Hedge Wizard began the quest for the
                  | Orb.
     0 | D:1      | Reached XP level 1. HP: 15/15 MP: 0/0
   525 | D:1      | Reached XP level 2. HP: 14/21 MP: 0/0
  1330 | D:1      | Reached XP level 3. HP: 23/25 MP: 0/0
  1330 | D:1      | Learned a level 1 spell: Sting
  2030 | D:2      | Found a faded altar of an unknown god.
  2040 | D:2      | Prayed at the altar of an unknown god.
  2040 | D:2      | Became a worshipper of Ashenzari the Shackled
  2240 | D:2      | Reached XP level 4. HP: 27/31 MP: 0/0
  2344 | D:2      | Identified the +9 hunting sling of the Old World {vorpal,
                  | Str-3 Int+2 Dex+4}
  2802 | D:2      | Reached * piety under Ashenzari
  3077 | D:3      | Reached skill level 1 in Fighting
  3091 | D:3      | Reached XP level 5. HP: 37/37 MP: 0/0
  3091 | D:3      | Learned a level 2 spell: Wereblood
  3291 | D:3      | Found an opulent altar of Gozag.
  3654 | D:4      | Noticed an ogre
  3658 | D:4      | Killed an ogre
  3659 | D:4      | Reached skill level 2 in Fighting
  3659 | D:4      | Reached XP level 6. HP: 45/45 MP: 0/0
  3659 | D:4      | Reached ** piety under Ashenzari
  3696 | D:4      | Found a white marble altar of Elyvilon.
  3758 | D:4      | Noticed an ogre
  3764 | D:4      | Killed an ogre
  3765 | D:4      | Reached skill level 1 in Shields
  3867 | D:4      | Noticed a necrophage
  3872 | D:4      | Killed a necrophage
  3873 | D:4      | Reached skill level 3 in Fighting
  3873 | D:4      | Reached XP level 7. HP: 48/50 MP: 0/0
  3873 | D:4      | Learned a level 2 spell: Searing Ray
  4003 | D:4      | Found a basalt altar of Yredelemnul.
  4023 | D:4      | Reached *** piety under Ashenzari
  4073 | D:4      | Reached skill level 1 in Slings
  4207 | D:4      | Found a blossoming altar of Fedhas.
  4282 | D:4      | Found a burning altar of Makhleb.
  4288 | D:4      | Found a glowing silver altar of Zin.
  4288 | D:4      | Noticed a cacodemon
  4288 | D:4      | Noticed an angel
  4404 | D:5      | Entered Level 5 of the Dungeon
  4404 | D:5      | Noticed a water moccasin
  4411 | D:5      | Killed a water moccasin
  4412 | D:5      | Reached skill level 4 in Fighting
  4412 | D:5      | Reached skill level 5 in Spellcasting
  4538 | D:5      | Reached XP level 8. HP: 58/58 MP: 0/0
  4889 | D:5      | Found a stormy altar of Qazlal.
  5023 | D:5      | Reached skill level 5 in Fighting
  5713 | D:6      | Found a staircase to the Ecumenical Temple.
  5861 | D:6      | Reached XP level 9. HP: 65/65 MP: 0/0
  5861 | D:6      | Learned a level 3 spell: Gell's Gravitas
  5911 | D:6      | Found Taini's Antique Weapon Boutique.
  6109 | D:6      | Reached **** piety under Ashenzari
  6204 | D:6      | Reached skill level 6 in Fighting
  6421 | D:6      | Noticed a white ugly thing
  6422 | D:6      | Found a shadowy altar of Dithmenos.
  6422 | D:6      | Found a transporter.
  6422 | D:6      | Noticed a manticore
  6438 | D:6      | Found a transporter.
  6826 | D:7      | Reached ***** piety under Ashenzari
  7262 | D:8      | Reached skill level 7 in Fighting
  7262 | D:8      | Reached skill level 5 in Slings
  7751 | D:8      | Reached XP level 10. HP: 78/78 MP: 0/0
  7792 | D:8      | Found a staircase to the Lair.
  7792 | D:8      | Noticed a two-headed ogre
  7800 | D:8      | Killed a two-headed ogre
  7879 | D:8      | Found a bloodstained altar of Trog.
  8023 | D:8      | Found a broken altar of Ashenzari.
  8033 | D:8      | Found an iron altar of Okawaru.
  8033 | D:8      | Found a hide-covered altar of Uskayaw.
  8042 | D:8      | Found a sacrificial altar of Ru.
  8137 | D:9      | Reached skill level 8 in Fighting
  8646 | D:9      | Noticed Harold
  8656 | D:9      | Killed Harold
  8909 | D:10     | Entered Level 10 of the Dungeon
  8909 | D:10     | Noticed a red ugly thing
  8943 | D:10     | Noticed a deep elf pyromancer
  8944 | D:10     | Reached XP level 11. HP: 80/87 MP: 0/0
  8944 | D:10     | Learned a level 4 spell: Flame Wave
  8952 | D:10     | Slain by a troll

Illustrated notes

Levels and vault maps discovered:
D:1:      minmay_arrival_shattered_statue, layout_basic
D:2:      cheibrodos_helix_gallery, layout_loops_ring, basic_altar,
          hellmonk_ecumenical_altar_run_dry
D:3:      layout_basic, mainiacjoe_overflow_chevrons,
          mainiacjoe_overflow_24_doors, glass_columns_c, interstate_on_off,
          minmay_close_crescents
D:4:      layout_cave_pools, grunt_temple_overflow_order_and_chaos_2,
          kennysheep_ying_yang, fedhas_altar_decomposition,
          chequers_mini_garden, amcnicky_mini_pool_small
D:5:      layout_basic, lemuel_crystal_altar
D:6:      minmay_skewed_foursquare, layout_loops_ring,
          gammafunk_temple_overflow_arena, minmay_temple_entry_glass,
          serial_shops, nicolae_square_shop, nrook_mini_vaults,
          grunt_ministairs_14
D:7:      layout_loops_ring
D:8:      layout_rooms, minmay_overflow_temple_hex, lair_entry_dummy
D:9:      layout_loops_ring, hangedman_decor_lopped, grunt_ministairs_13,
          uniq_harold
D:10:     layout_cave_pools, overflow_temple_1_default

Skill      XL: |  1  2  3  4  5  6  7  8  9 10 |
---------------+-------------------------------+-----
Spellcasting   | 3 4 5 6 7 |  7.9
Fighting       | 1 2 3 4 5 7 8 |  8.8
Shields        | 1 2 |  2.2
Slings         | 1 3 5 6 |  6.7
Dodging        | |  2.1
Stealth        | |  1.5

Action                   |  1- 3 |  4- 6 |  7- 9 | 10-12 || total
-------------------------+-------+-------+-------+-------++-------
Melee: Dagger            |    60 |    19 |       |       ||    79
 Fire: Hunting sling     |       |    71 |   243 |   122 ||   436
 Cast: Magic Dart        |    33 |       |       |       ||    33
       Sting             |    16 |     1 |       |     1 ||    18
       Blink             |       |     1 |     2 |       ||     3
       Slow              |       |       |     7 |     1 ||     8
       Mephitic Cloud    |       |       |     4 |     2 ||     6
       Wereblood         |       |       |     3 |     4 ||     7
       Conjure Flame     |       |       |     1 |     2 ||     3
       Searing Ray       |       |       |     1 |       ||     1
       Gell's Gravitas   |       |       |     1 |       ||     1
       Flame Wave        |       |       |       |     1 ||     1
Invok: Curse Item        |     1 |     2 |     4 |       ||     7
  Use: Scroll            |       |       |     4 |       ||     4
 Stab: Sleeping          |     2 |       |       |       ||     2
Armor: Robe              |    15 |    13 |    10 |     1 ||    39
Dodge: Dodged            |    42 |    28 |    33 |    10 ||   113
Block: Buckler           |       |       |    30 |    13 ||    43

Table legend: (Time is in decaauts)
 A = Elapsed time spent in this place.
 B = Non-inter-level travel time spent in this place.
 C = Inter-level travel time spent in this place.
 D = Time resting spent in this place.
 E = Time spent auto-exploring this place.
 F = Levels seen in this place.
 G = Mean time per level.
                   A        B        C        D        E       F      G
               +--------+--------+--------+--------+--------+-----+--------+
         Total |   8917 |   8636 |    281 |   1532 |   5796 |  10 |  891.7 |
       Dungeon |   8917 |   8636 |    281 |   1532 |   5796 |  10 |  891.7 |
               +--------+--------+--------+--------+--------+-----+--------+

Top non-repeatable levels by time:
     D:1: 2104 daAuts
     D:5: 1270 daAuts
     D:6: 1005 daAuts
     D:9: 793 daAuts
     D:2: 785 daAuts
     D:3: 771 daAuts
     D:4: 763 daAuts
     D:7: 738 daAuts
     D:8: 672 daAuts
    D:10: 13 daAuts
